 Dungeon Crawl Stone Soup version 0.30-a0-591-g3c58d2bc28 (webtiles) character file.

Game seed: 574897778778093579

60 wormed the Insei (level 4, -1/42 HPs)
             Began as an Octopode Transmuter on Jan 4, 2023.
             Slain by an orc
             ... wielding a +0 trident
              (2 damage)
             ... on level 3 of the Dungeon.
             The game lasted 00:02:16 (2093 turns).

wormed the Insei (Octopode Transmuter)              Turns: 2093, Time: 00:02:16

Health: -1/42      AC: 22    Str:  9    XL:     4   Next: 6%
Magic:  6/7        EV:  2    Int: 17    God:
Gold:   122        SH:  0    Dex: 12    Spells: 0/7 levels left

rFire   . . .      SeeInvis .    l - staff of cold
rCold   + . .      Faith    .    (no shield)
rNeg    . . .      Spirit   .    (helmet currently unavailable)
rPois   +          Reflect  .    (no amulet)
rElec   .          Harm     .    (no ring)
rCorr   .          Rampage  .    (no ring)
Will    .....      NoTele   +    (no ring)
Stlth   +                        (no ring)
HPRegen 0.27/turn                (no ring)
MPRegen 0.10/turn                (no ring)
                                 (no ring)
                                 (no ring)

@: tree-form, wereblooded (expiring)
A: stationary, stasis, torment immunity, boosted hp, almost no armour,
(amphibious), 8 rings, (camouflage 1), (gelatinous body 1), (nimble swimmer 1),
(tentacles)
a: no special abilities


You were on level 3 of the Dungeon.
You were a tree.
You visited 1 branch of the dungeon, and saw 3 of its levels.

You collected 122 gold pieces.

Inventory:

Magical Staves
 l - a staff of cold (weapon)
Scrolls
 b - a scroll of blinking {unknown}
 c - 2 scrolls of fog {unknown}
 d - a scroll of teleportation {unknown}
 e - a scroll of fear {unknown}
 g - a scroll of enchant weapon {unknown}
 h - a scroll of silence {unknown}
 i - a scroll of immolation {unknown}
 j - a scroll of magic mapping {unknown}
 k - a scroll of amnesia {unknown}
 m - a scroll of identify {unknown}
Potions
 f - a potion of curing {unknown}


   Skills:
 + Level 1.6 Fighting
 + Level 2.4 Dodging
 + Level 3.2 Unarmed Combat
 + Level 2.2 Spellcasting
 * Level 2.8 Transmutations
 + Level 1.1 Ice Magic


You couldn't memorise any spells.
You knew the following spells:

 Your Spells              Type           Power      Damage    Failure   Level
a - Beastly Appendage     Tmut           22%        N/A       6%          1
b - Wereblood             Tmut           11%        N/A       9%          2
c - Ice Form              Ice/Tmut       13%        N/A       63%         4

Your spell library contained the following spells:

 Spells                   Type           Power      Damage    Failure   Level
 Summon Small Mammal      Summ           4%         N/A       19%         1
 Spider Form              Tmut/Pois      6%         N/A       32%         3
 Call Canine Familiar     Summ           1%         N/A       50%         3
 Dazzling Flash           Conj/Hex       2%         N/A       50%         3
 Summon Guardian Golem    Hex/Summ       1%         N/A       50%         3
 Agony                    Necr           1%         N/A       99%         5
 Silence                  Hex/Air        0%         N/A       99%         5


Dungeon Overview and Level Annotations

Branches:
Dungeon (3/15)

Altars:


Innate Abilities, Weirdness & Mutations

You are a tree.
Your roots penetrate the ground, keeping you stationary.
You cannot be teleported.
You are immune to unholy pain and torment.
Your maximum health is greatly increased.
You cannot wear most types of armour.
((You are amphibious.))
You can wear up to eight rings at the same time.
((Your skin changes colour to match your surroundings (Stealth+).))
((Your rubbery body absorbs attacks. (AC +1, EV +1)))
((You are camouflaged when in or above water. (Stealth+)))
((You have tentacles for arms and can constrict up to eight enemies at once.))


Message History

The orc priest hits you with a +0 mace! The orc misses you.
You closely miss the orc priest. You grab the orc priest.
You constrict the orc priest. The frilled lizard bites you.
The orc priest closely misses you.
The orc hits you from afar with a +0 trident!
* * * LOW HITPOINT WARNING * * *
You hit the orc priest but do no damage.
The orc priest is moderately wounded.
You constrict the orc priest. The frilled lizard bites you.
* * * LOW HITPOINT WARNING * * *
The orc priest misses you. The orc misses you.
Your tentacle spike disappears.
You turn into a tree.
Your roots penetrate the ground.
You lose your grip on the orc priest.
The frilled lizard bites you but does no damage.
The orc priest hits you with a +0 mace.
* * * LOW HITPOINT WARNING * * *
The orc hits you but does no damage.
You hit the orc priest but do no damage.
The orc priest is moderately wounded.
You creak as the wereblood boils in your veins!
Your primal bloodlust is almost over.
The orc priest hits you but does no damage.
The orc hits you but does no damage.
The frilled lizard bites you but does no damage. x2
The orc hits you but does no damage.
The orc priest hits you but does no damage.
You hit the orc priest.
The orc priest is heavily wounded.
The frilled lizard completely misses you.
The orc priest hits you but does no damage.
The orc barely misses you.
You hit the orc priest.
The orc priest is heavily wounded.
You creak as the wereblood boils in your veins!
The frilled lizard bites you.
* * * LOW HITPOINT WARNING * * *
The orc priest hits you but does no damage.
The orc hits you from afar with a +0 trident.
You die...

#......# #.##...
###..##..## # #...
....###.## ##.†
......#.########.#
##< #............#
## ###.###..###...
##..#...##
#.o#..### #)l♣.##
##o#### #o.# #..#
#.o# #..# ..o#
..... #.#.#


You could see an orc priest, an orc wizard, an orc and a frilled lizard.

Vanquished Creatures
  2 adders (D:2)
  A worm (D:2)
  A dart slug (D:1)
  2 orcs (D:3)
  4 ball pythons
  4 bats
  6 goblins
  A hobgoblin (D:1)
  3 jackals (D:2)
  2 kobolds (D:1)
  3 quokkas (D:2)
  A frilled lizard (D:3)
  5 rats
35 creatures vanquished.

Notes
Turn   | Place    | Note
-------+----------+-------------------------------------------
     0 | D:1      | wormed the Octopode Transmuter began the quest for the Orb.
     0 | D:1      | Reached XP level 1. HP: 13/13 MP: 3/3
   277 | D:1      | Reached XP level 2. HP: 17/18 MP: 3/5
   411 | D:1      | Learned a level 2 spell: Wereblood
  1094 | D:2      | Reached XP level 3. HP: 11/23 MP: 2/6
  1102 | D:2      | Reached skill level 1 in Ice Magic
  2014 | D:3      | Reached XP level 4. HP: 28/28 MP: 3/7
  2019 | D:3      | Learned a level 4 spell: Ice Form
  2089 | D:3      | HP: 1/28 [frilled lizard (2)]
  2093 | D:3      | Slain by an orc

Illustrated notes

Levels and vault maps discovered:
D:1:      giann_horns, layout_basic, serial_forest,
          infiniplex_forest_lined_4_way, infiniplex_forest_side_room,
          infiniplex_forest_lined_3_way, infiniplex_forest_diagonal,
          infiniplex_forest_clump_double, infiniplex_forest_clump_small,
          infiniplex_forest_lined_room_2, infiniplex_forest_straight_2,
          minmay_tetromino_i2
D:2:      layout_loops_ring
D:3:      layout_rooms, nicolae_overflow_crystal_walls

Skill      XL: |  1  2  3 |
---------------+----------+-----
Ice Magic      | 1 |  1.1
Fighting       | |  1.6
Dodging        | |  2.4
Unarmed Combat | |  3.2
Spellcasting   | |  2.2
Transmutations | |  2.8

Action                   |  1- 3 |  4- 6 || total
-------------------------+-------+-------++-------
Melee: Unarmed           |    54 |       ||    54
       Constrict         |    25 |     2 ||    27
       Kick              |    19 |     2 ||    21
       Tentacles         |     8 |       ||     8
       Staff             |    12 |     9 ||    21
       Punch             |     1 |       ||     1
 Cast: Beastly Appendage |    20 |     1 ||    21
       Wereblood         |    17 |     1 ||    18
  Use: Potion            |       |     1 ||     1
 Stab: Sleeping          |     1 |       ||     1
Armor: Skin              |     3 |    10 ||    13
Dodge: Dodged            |    48 |    10 ||    58

Table legend: (Time is in decaauts)
 A = Elapsed time spent in this place.
 B = Non-inter-level travel time spent in this place.
 C = Inter-level travel time spent in this place.
 D = Time resting spent in this place.
 E = Time spent auto-exploring this place.
 F = Levels seen in this place.
 G = Mean time per level.
                   A        B        C        D        E       F      G
               +--------+--------+--------+--------+--------+-----+--------+
         Total |   2095 |   1966 |    129 |     39 |   1662 |   3 |  698.3 |
       Dungeon |   2095 |   1966 |    129 |     39 |   1662 |   3 |  698.3 |
               +--------+--------+--------+--------+--------+-----+--------+

Top non-repeatable levels by time:
     D:2: 1039 daAuts
     D:1: 907 daAuts
     D:3: 147 daAuts
